Calgary Flames vs Detroit Red Wings
(R2)
Created - Monday, August 18, 2025 at 09:02
Goals
|
| Calgary Flames |
3 |
1 |
4 |
8 |
| Detroit Red Wings |
1 |
1 |
1 |
3 |
|
Shots
|
| Calgary Flames |
17 |
17 |
12 |
46 |
| Detroit Red Wings |
14 |
7 |
7 |
28 |
|
1st period
1. Calgary Flames , Bo Horvat 6 (Sebastian Aho 5, Kris Letang 5) at 0:16
2. Calgary Flames , Zach Hyman 6 (Sebastian Aho 6, Bo Horvat 8) at 5:54
3. Calgary Flames , J.T. Miller 3 (Jeremy Lauzon 3, Chris Kreider 3) at 16:03
4. Detroit Red Wings , Yakov Trenin 3 (Kevin Stenlund 7, Patrick Kane 6) at 16:37
Penalties :
Yakov Trenin (DET) for Hooking (Minor) at 9:28
2nd period
5. Detroit Red Wings , Cutter Gauthier 6 (Kasperi Kapanen 1, Jackson LaCombe 5) at 0:39
6. Calgary Flames , Bo Horvat 7 (Sebastian Aho 7) at 3:02 (PP)
Penalties :
Steven Stamkos (DET) for Holding (Minor) at 2:10, Cutter Gauthier (DET) for Hooking (Minor) at 6:43, J.T. Miller (CGY) for Roughing (Minor) at 10:31, Jackson LaCombe (DET) for Interference (Minor) at 14:09, Cale Makar (CGY) for Holding (Minor) at 18:52
3rd period
7. Calgary Flames , Sebastian Aho 4 (Bo Horvat 9) at 3:54 (PP)
8. Calgary Flames , Bo Horvat 8 (Drew Doughty 4, Sebastian Aho 8) at 5:51 (PP)
9. Calgary Flames , Mathieu Joseph 5 (Cale Makar 9, Bo Horvat 10) at 14:03 (PP)
10. Detroit Red Wings , Steven Stamkos 9 (Raphael Lavoie 2, Rasmus Kupari 4) at 16:17
11. Calgary Flames , Nic Dowd 2 (Cale Makar 10, Kris Letang 6) at 18:33
Penalties :
Peyton Krebs (DET) for Cross-checking (Minor) at 3:52, Steven Stamkos (DET) for Slashing (Minor) at 4:45, Steven Stamkos (DET) for Cross-checking (Minor) at 8:32, Max Pacioretty (DET) for Tripping (Minor) at 12:31, Zach Hyman (CGY) for Slashing (Minor) at 16:20, Zach Bogosian (DET) for Hooking (Minor) at 19:07
Goalie Stats
Anton Forsberg (CGY), 25 saves from 28 shots - (0.893), W, 4-1-0, 60:00 minutes
Vitek Vanecek (DET), 38 saves from 46 shots - (0.826), L, 1-1-0, 60:00 minutes
Players Stats for Calgary Flames
Player Name G A P +/- PIM S H SB GA TA FO MP PP MP PK MP
------------------------------------------------------------------------------------
Alec Martinez 0 0 0 -2 0 0 1 0 0 0 0/0 19:27 0:28 3:46
Ben Meyers 0 0 0 0 0 1 2 0 0 0 0/0 7:38 0:00 0:21
Bo Horvat 3 3 6 1 0 4 4 1 1 0 20/30 21:18 6:13 2:52
Cale Makar 0 2 2 3 2 5 2 1 1 0 0/0 24:21 5:45 1:43
Chris Kreider 0 1 1 0 0 0 0 1 2 0 0/2 18:16 6:07 0:14
Drew Doughty 0 1 1 -1 0 1 1 1 0 0 0/0 23:51 6:35 3:03
Filip Hronek 0 0 0 0 0 0 0 0 0 0 0/0 1:27 0:00 0:00
J.T. Miller 1 0 1 0 2 3 3 0 0 0 11/22 20:15 6:07 1:42
Jeremy Lauzon 0 1 1 -2 0 3 5 1 0 0 0/0 25:15 6:07 0:28
Joel Eriksson Ek 0 0 0 0 0 5 2 1 0 0 2/6 13:02 0:00 2:44
Kris Letang 0 2 2 3 0 5 3 2 0 3 0/0 25:06 5:45 2:54
Mathieu Joseph 1 0 1 0 0 4 1 0 0 0 0/1 18:02 6:07 0:00
Matthew Tkachuk 0 0 0 0 0 4 1 0 0 0 0/2 11:05 0:00 0:49
Nic Dowd 1 0 1 0 0 3 1 0 0 0 3/4 7:17 0:00 0:00
Nick Paul 0 0 0 0 0 2 0 0 0 0 0/0 7:17 0:00 0:00
Pavel Zacha 0 0 0 0 0 1 0 1 0 0 0/0 9:46 0:00 0:00
Sebastian Aho 1 4 5 2 0 3 2 0 0 1 0/1 22:11 6:13 3:12
Zach Hyman 1 0 1 1 2 2 2 0 0 0 0/1 18:26 6:13 0:00
Players Stats for Detroit Red Wings
Player Name G A P +/- PIM S H SB GA TA FO MP PP MP PK MP
------------------------------------------------------------------------------------
Cutter Gauthier 1 0 1 1 2 3 1 0 0 0 8/16 16:43 2:58 0:00
Jackson LaCombe 0 1 1 -1 2 2 2 1 0 0 0/0 27:02 3:19 4:34
Jamie Drysdale 0 0 0 -1 0 1 3 0 0 0 0/0 13:01 2:38 0:35
Jeff Petry 0 0 0 1 0 1 2 0 0 0 0/0 19:33 0:00 5:43
Kasperi Kapanen 0 1 1 1 0 1 1 1 1 0 2/3 13:22 0:00 0:00
Kevin Stenlund 0 1 1 0 0 3 0 1 0 1 6/11 15:19 0:07 6:10
Max Pacioretty 0 0 0 -1 2 0 2 1 0 0 0/1 15:17 2:58 0:00
Patrick Kane 0 1 1 -1 0 3 0 0 0 0 1/1 15:16 2:59 0:00
Peyton Krebs 0 0 0 0 2 2 3 1 0 0 0/0 11:17 0:00 1:34
Raphael Lavoie 0 1 1 -1 0 0 1 1 0 0 0/0 5:29 0:00 0:00
Rasmus Kupari 0 1 1 -1 0 3 0 2 1 0 3/7 15:07 2:53 5:57
Shayne Gostisbehere 0 0 0 -1 0 1 0 2 0 0 0/0 10:08 0:00 1:26
Steven Stamkos 1 0 1 -1 6 4 4 1 1 0 12/23 19:59 2:59 3:58
Tanner Pearson 0 0 0 1 0 2 2 0 1 0 0/1 16:20 2:57 0:00
Vasili Podkolzin 0 0 0 -1 0 0 0 0 0 1 0/0 7:42 0:00 1:29
Yakov Trenin 1 0 1 0 2 1 0 0 0 1 1/6 14:58 0:00 5:32
Zach Bogosian 0 0 0 1 2 0 1 1 0 1 0/0 21:38 2:38 5:45
Zachary Werenski 0 0 0 -1 0 1 1 1 0 0 0/0 29:20 3:19 6:37
3 Stars
1 - Bo Horvat (CGY)
2 - Sebastian Aho (CGY)
3 - Kris Letang (CGY)
Power Play
Calgary Flames - 4 on 9 Attempt(s) - 44.44%
Detroit Red Wings - 0 on 3 Attempt(s) - 0.00%
Penalty Kill
Calgary Flames - 3 on 3 Attempt(s) - 100.00%
- Score 0 goal in Penalty Kill
Detroit Red Wings - 5 on 9 Attempt(s) - 55.56%
- Score 0 goal in Penalty Kill
Team Stat
Calgary Flames - Hits : 30 - Faceoff Wins : 36 - Blocked Shots : 9 - Penalty Minutes : 6
Detroit Red Wings - Hits : 23 - Faceoff Wins : 33 - Blocked Shots : 13 - Penalty Minutes : 18
Official
Referees : Garrett Rank and Chris Lee
Linesman : Brandon Gawryletz and Shandor Alphonso
Game Notes
Filip Hronek is injured at 4:19 of 1st period (Bruised Right Leg)
Bo Horvat has scored a Hat Trick!
Finance
Level 1 -- Attendance: 4263 (71.05%) -- Ticket Income $426,300
Level 2 -- Attendance: 3418 (68.36%) -- Ticket Income $205,080
Level 3 -- Attendance: 2307 (76.90%) -- Ticket Income $80,745
Level 4 -- Attendance: 3820 (76.40%) -- Ticket Income $95,500
Luxury Box -- Attendance: 778 (77.80%) -- Ticket Income $155,600
Game was played at the Joe Louis Arena.
Total Attendance: 14586 (72.93%)
Total Ticket Income: $963,225
Other Income: $337,129
Total Income: $1,300,354
Calgary Flames
5 vs 5 Forward
Center Left Wing Right Wing Time % Phy DF OF
1 Bo Horvat Sebastian Aho Zach Hyman 30 1 2 2
2 J.T. Miller Chris Kreider Mathieu Joseph 30 1 2 2
3 Joel Eriksson Ek Matthew Tkachuk Pavel Zacha 25 1 2 2
4 Nic Dowd Nick Paul Ben Meyers 15 1 2 2
5 vs 5 Defense
Defense Defense Time % Phy DF OF
1 Cale Makar Kris Letang 35 1 2 2
2 Filip Hronek Drew Doughty 35 1 2 2
3 Jeremy Lauzon Alec Martinez 30 1 2 2
4 Cale Makar Kris Letang 0 1 2 2
PowerPlay Forward
Center Left Wing Right Wing Time % Phy DF OF
1 Bo Horvat Sebastian Aho Zach Hyman 50 1 2 2
2 J.T. Miller Chris Kreider Mathieu Joseph 50 1 2 2
PowerPlay Defense
Defense Defense Time % Phy DF OF
1 Cale Makar Kris Letang 50 1 2 2
2 Filip Hronek Drew Doughty 50 1 2 2
Penalty Kill 4 Players Forward
Center Wing Time % Phy DF OF
1 Bo Horvat Sebastian Aho 50 1 2 2
2 J.T. Miller Joel Eriksson Ek 50 1 2 2
Penalty Kill 4 Players Defense
Defense Defense Time % Phy DF OF
1 Cale Makar Kris Letang 50 1 2 2
2 Filip Hronek Drew Doughty 50 1 2 2
Penalty Kill - 3 Players Forward
Forward Time % Phy DF OF
1 Bo Horvat 50 1 2 2
2 Sebastian Aho 50 1 2 2
Penalty Kill - 3 Players Defense
Defense Defense Time % Phy DF OF
1 Cale Makar Kris Letang 50 1 2 2
2 Filip Hronek Drew Doughty 50 1 2 2
4 vs 4 Forward
Center Wing Time % Phy DF OF
1 Bo Horvat Sebastian Aho 50 1 2 2
2 J.T. Miller Joel Eriksson Ek 50 1 2 2
4 vs 4 Defense
Defense Defense Time % Phy DF OF
1 Cale Makar Kris Letang 50 1 2 2
2 Filip Hronek Drew Doughty 50 1 2 2
Last Minutes Offensive
Center Left Wing Right Wing Defense Defense
Bo Horvat Sebastian Aho Zach Hyman Cale Makar Kris Letang
Last Minutes Defensive
Center Left Wing Right Wing Defense Defense
Bo Horvat Sebastian Aho Zach Hyman Cale Makar Kris Letang
Goaltenders
Starting : Anton Forsberg
Backup : Ilya Sorokin
Extra Forwards
Normal : Nic Dowd, Ben Meyers, Matthew Tkachuk - PP : Nic Dowd, Ben Meyers - PK : Matthew Tkachuk
Extra Defensemen
Normal : Jeremy Lauzon, Alec Martinez, Filip Hronek - PP : Jeremy Lauzon - PK : Alec Martinez, Filip Hronek
Penalty Shots
Bo Horvat, Sebastian Aho, J.T. Miller, Joel Eriksson Ek, Zach Hyman
Scratches
Angus Crookshank (Healthy)
Detroit Red Wings
5 vs 5 Forward
Center Left Wing Right Wing Time % Phy DF OF
1 Steven Stamkos Max Pacioretty Patrick Kane 35 1 2 2
2 Cutter Gauthier Tanner Pearson Kasperi Kapanen 35 1 1 3
3 Kevin Stenlund Peyton Krebs Yakov Trenin 20 1 2 2
4 Rasmus Kupari Vasili Podkolzin Raphael Lavoie 10 2 2 1
5 vs 5 Defense
Defense Defense Time % Phy DF OF
1 Zachary Werenski Jackson LaCombe 40 1 2 2
2 Jeff Petry Zach Bogosian 30 1 2 2
3 Shayne Gostisbehere Jamie Drysdale 20 3 1 1
4 Zachary Werenski Jackson LaCombe 10 1 2 2
PowerPlay Forward
Center Left Wing Right Wing Time % Phy DF OF
1 Steven Stamkos Rasmus Kupari Patrick Kane 50 0 1 4
2 Cutter Gauthier Tanner Pearson Max Pacioretty 50 0 1 4
PowerPlay Defense
Defense Defense Time % Phy DF OF
1 Zachary Werenski Jackson LaCombe 50 1 2 2
2 Jamie Drysdale Zach Bogosian 50 1 2 2
Penalty Kill 4 Players Forward
Center Wing Time % Phy DF OF
1 Steven Stamkos Rasmus Kupari 50 2 2 1
2 Kevin Stenlund Yakov Trenin 50 2 2 1
Penalty Kill 4 Players Defense
Defense Defense Time % Phy DF OF
1 Jeff Petry Jackson LaCombe 50 2 2 1
2 Zachary Werenski Zach Bogosian 50 2 2 1
Penalty Kill - 3 Players Forward
Forward Time % Phy DF OF
1 Steven Stamkos 50 1 2 2
2 Kevin Stenlund 50 1 2 2
Penalty Kill - 3 Players Defense
Defense Defense Time % Phy DF OF
1 Jeff Petry Jackson LaCombe 50 1 2 2
2 Zachary Werenski Zach Bogosian 50 2 2 1
4 vs 4 Forward
Center Wing Time % Phy DF OF
1 Cutter Gauthier Max Pacioretty 60 1 2 2
2 Steven Stamkos Patrick Kane 40 1 1 3
4 vs 4 Defense
Defense Defense Time % Phy DF OF
1 Zachary Werenski Jackson LaCombe 60 1 2 2
2 Jamie Drysdale Zach Bogosian 40 1 2 2
Last Minutes Offensive
Center Left Wing Right Wing Defense Defense
Steven Stamkos Rasmus Kupari Patrick Kane Zachary Werenski Jackson LaCombe
Last Minutes Defensive
Center Left Wing Right Wing Defense Defense
Steven Stamkos Rasmus Kupari Patrick Kane Zachary Werenski Jackson LaCombe
Goaltenders
Starting : Vitek Vanecek
Backup : Laurent Brossoit
Extra Forwards
Normal : Kevin Stenlund, Peyton Krebs, Tanner Pearson - PP : Kevin Stenlund, Tanner Pearson - PK : Yakov Trenin
Extra Defensemen
Normal : Shayne Gostisbehere, Jamie Drysdale, Zachary Werenski - PP : Shayne Gostisbehere - PK : Shayne Gostisbehere, Jamie Drysdale
Penalty Shots
Steven Stamkos, Patrick Kane, Cutter Gauthier, Max Pacioretty, Rasmus Kupari
Scratches
Danton Heinen (Healthy), Daniel Torgersson (Healthy), Christian Fischer (Healthy), Ryan Graves (Healthy), Ville Husso (Healthy)
% Time on Ice - Calgary Flames
Lines # - Real PCT - Wanted PCT - Time Play
Normal Forward
1 - 29% - 30% - 12:13
2 - 30% - 30% - 12:27
3 - 23% - 25% - 9:46
4 - 17% - 15% - 7:17
Normal Defense
1 - 37% - 35% - 15:26
2 - 38% - 35% - 15:44
3 - 25% - 30% - 10:33
4 - 0% - 0% - 0:00
PP Forward
1 - 50% - 50% - 6:13
2 - 50% - 50% - 6:07
PP Defense
1 - 47% - 50% - 5:45
2 - 53% - 50% - 6:35
PK Forward
1 - 48% - 50% - 2:52
2 - 52% - 50% - 3:05
PK Defense
1 - 49% - 50% - 2:54
2 - 51% - 50% - 3:03
PK3 Forward
1 - 0% - 50%
2 - 0% - 50%
PK3 Defense
1 - 0% - 50%
2 - 0% - 50%
44 Forward
1 - 0% - 50%
2 - 0% - 50%
44 Defense
1 - 0% - 50%
2 - 0% - 50%
Last Minute Offensive - 0:00
Last Minute Defensive - 0:00
Total
Forward - 60:00
Defense - 60:00
|
% Time on Ice - Detroit Red Wings
Lines # - Real PCT - Wanted PCT - Time Play
Normal Forward
1 - 33% - 35% - 13:49
2 - 32% - 35% - 13:25
3 - 22% - 20% - 9:00
4 - 13% - 10% - 5:29
Normal Defense
1 - 45% - 40% - 18:44
2 - 31% - 30% - 12:53
3 - 20% - 20% - 8:12
4 - 5% - 10% - 1:54
PP Forward
1 - 50% - 50% - 2:59
2 - 50% - 50% - 2:58
PP Defense
1 - 56% - 50% - 3:19
2 - 44% - 50% - 2:38
PK Forward
1 - 52% - 50% - 6:24
2 - 48% - 50% - 5:56
PK Defense
1 - 46% - 50% - 5:43
2 - 54% - 50% - 6:37
PK3 Forward
1 - 0% - 50%
2 - 0% - 50%
PK3 Defense
1 - 0% - 50%
2 - 0% - 50%
44 Forward
1 - 0% - 60%
2 - 0% - 40%
44 Defense
1 - 0% - 60%
2 - 0% - 40%
Last Minute Offensive - 0:00
Last Minute Defensive - 0:00
Total
Forward - 60:00
Defense - 60:00
|
Play-by-Play
1st period
0:01 of 1st period - Patrick Kane wins face-off versus Zach Hyman in neutral zone.
0:16 of 1st period - Slapshot by Bo Horvat.
0:16 of 1st period - Goal by Bo Horvat - Calgary Flames : 1 - Detroit Red Wings : 0.
0:17 of 1st period - Cutter Gauthier wins face-off versus J.T. Miller in neutral zone.
0:24 of 1st period - Wrist shot by Tanner Pearson.
0:24 of 1st period - Stopped by Anton Forsberg without a rebound.
0:25 of 1st period - Cutter Gauthier wins face-off versus Chris Kreider in Calgary Flames zone.
1:07 of 1st period - Snap shot by Kasperi Kapanen.
1:07 of 1st period - Shot Misses the Net.
1:09 of 1st period - Slapshot by Kasperi Kapanen.
1:09 of 1st period - Stopped by Anton Forsberg with a rebound.
1:11 of 1st period - Slapshot by Zach Bogosian.
1:11 of 1st period - Shot Blocked by Chris Kreider.
1:17 of 1st period - Backhand shot by Kasperi Kapanen.
1:17 of 1st period - Shot Misses the Net.
1:19 of 1st period - Slapshot by Jeff Petry.
1:19 of 1st period - Shot Misses the Net.
1:21 of 1st period - Slapshot by Jeff Petry.
1:21 of 1st period - Deflect By Drew Doughty.
1:21 of 1st period - Stopped by Anton Forsberg without a rebound.
1:22 of 1st period - Kevin Stenlund wins face-off versus Matthew Tkachuk in Calgary Flames zone.
1:27 of 1st period - Snap shot by Peyton Krebs.
1:27 of 1st period - Shot Blocked by Pavel Zacha.
1:29 of 1st period - Slapshot by Jamie Drysdale.
1:29 of 1st period - Deflect By Matthew Tkachuk.
1:29 of 1st period - Stopped by Anton Forsberg with a rebound.
1:31 of 1st period - Wrist shot by Peyton Krebs.
1:31 of 1st period - Stopped by Anton Forsberg without a rebound.
1:32 of 1st period - Kevin Stenlund wins face-off versus Joel Eriksson Ek in Calgary Flames zone.
2:05 of 1st period - Kevin Stenlund is hit by Joel Eriksson Ek and loses puck.
2:28 of 1st period - Slapshot by Kevin Stenlund.
2:28 of 1st period - Stopped by Anton Forsberg without a rebound.
2:29 of 1st period - Bo Horvat wins face-off versus Steven Stamkos in Calgary Flames zone.
2:36 of 1st period - Jackson LaCombe is hit by Kris Letang and loses puck.
2:55 of 1st period - Max Pacioretty is hit by Nic Dowd.
3:01 of 1st period - Icing by Patrick Kane.
3:02 of 1st period - Nic Dowd wins face-off versus Steven Stamkos in Detroit Red Wings zone.
3:07 of 1st period - Slapshot by Ben Meyers.
3:07 of 1st period - Stopped by Vitek Vanecek with a rebound.
3:09 of 1st period - Slapshot by Drew Doughty.
3:09 of 1st period - Deflect By Nick Paul.
3:09 of 1st period - Shot Misses the Net.
3:09 of 1st period - Puck is out of play.
3:10 of 1st period - Rasmus Kupari wins face-off versus Bo Horvat in Detroit Red Wings zone.
3:21 of 1st period - Wrist shot by Zach Hyman.
3:21 of 1st period - Shot Misses the Net.
3:23 of 1st period - Wrist shot by Kris Letang.
3:23 of 1st period - Stopped by Vitek Vanecek with a rebound.
3:25 of 1st period - Slapshot by Kris Letang.
3:25 of 1st period - Deflect By Jackson LaCombe.
3:25 of 1st period - Stopped by Vitek Vanecek without a rebound.
3:26 of 1st period - Nic Dowd wins face-off versus Max Pacioretty in Detroit Red Wings zone.
3:29 of 1st period - Wrist shot by Nick Paul.
3:29 of 1st period - Shot Misses the Net.
3:31 of 1st period - Snap shot by Nic Dowd.
3:31 of 1st period - Shot Misses the Net.
3:33 of 1st period - Wrist shot by Cale Makar.
3:33 of 1st period - Stopped by Vitek Vanecek with a rebound.
4:18 of 1st period - Filip Hronek is hit by Raphael Lavoie.
4:19 of 1st period - Filip Hronek from Calgary Flames is injured at 4:19 of 1st period (Bruised Right Leg).
4:20 of 1st period - Bo Horvat wins face-off versus Steven Stamkos in Calgary Flames zone.
4:48 of 1st period - Off-side.
4:49 of 1st period - Cutter Gauthier wins face-off versus J.T. Miller in neutral zone.
5:02 of 1st period - Off-side.
5:03 of 1st period - Joel Eriksson Ek wins face-off versus Rasmus Kupari in neutral zone.
5:10 of 1st period - Snap shot by Matthew Tkachuk.
5:10 of 1st period - Stopped by Vitek Vanecek without a rebound.
5:11 of 1st period - Rasmus Kupari wins face-off versus Joel Eriksson Ek in Detroit Red Wings zone.
5:44 of 1st period - Wrist shot by Cutter Gauthier.
5:44 of 1st period - Stopped by Anton Forsberg without a rebound.
5:45 of 1st period - Bo Horvat wins face-off versus Steven Stamkos in Calgary Flames zone.
5:54 of 1st period - Snap shot by Zach Hyman.
5:54 of 1st period - Goal by Zach Hyman - Calgary Flames : 2 - Detroit Red Wings : 0.
5:55 of 1st period - Steven Stamkos wins face-off versus Nic Dowd in neutral zone.
6:02 of 1st period - Snap shot by Patrick Kane.
6:02 of 1st period - Stopped by Anton Forsberg with a rebound.
7:31 of 1st period - Rasmus Kupari is hit by Jeremy Lauzon and loses puck.
8:28 of 1st period - Cale Makar is hit by Steven Stamkos.
8:52 of 1st period - Zachary Werenski is hit by Ben Meyers and loses puck.
9:10 of 1st period - Mathieu Joseph is hit by Cutter Gauthier and loses puck.
9:28 of 1st period - Minor Penalty to Yakov Trenin for Hooking.
9:29 of 1st period - Bo Horvat wins face-off versus Steven Stamkos in Detroit Red Wings zone.
9:32 of 1st period - Snap shot by Bo Horvat.
9:32 of 1st period - Stopped by Vitek Vanecek with a rebound.
9:56 of 1st period - Jeff Petry is hit by Jeremy Lauzon and loses puck.
10:03 of 1st period - Slapshot by Zach Hyman.
10:03 of 1st period - Stopped by Vitek Vanecek without a rebound.
10:04 of 1st period - Steven Stamkos wins face-off versus J.T. Miller in Detroit Red Wings zone.
10:04 of 1st period - Steven Stamkos is hit by Mathieu Joseph.
11:24 of 1st period - Rasmus Kupari is hit by Zach Hyman and loses puck.
11:28 of 1st period - Penalty to Yakov Trenin is over, Yakov Trenin is back on ice.
11:35 of 1st period - Zachary Werenski is hit by Ben Meyers and loses puck.
12:02 of 1st period - Wrist shot by Tanner Pearson.
12:02 of 1st period - Stopped by Anton Forsberg without a rebound.
12:03 of 1st period - Cutter Gauthier wins face-off versus J.T. Miller in Calgary Flames zone.
12:42 of 1st period - Kevin Stenlund is hit by Jeremy Lauzon and loses puck.
15:12 of 1st period - Snap shot by Cale Makar.
15:12 of 1st period - Deflect By Steven Stamkos.
15:12 of 1st period - Stopped by Vitek Vanecek with a rebound.
15:14 of 1st period - Slapshot by Kris Letang.
15:14 of 1st period - Stopped by Vitek Vanecek with a rebound.
15:59 of 1st period - Wrist shot by Chris Kreider.
15:59 of 1st period - Shot Misses the Net.
16:01 of 1st period - Slapshot by Jeremy Lauzon.
16:01 of 1st period - Stopped by Vitek Vanecek with a rebound.
16:03 of 1st period - Snap shot by J.T. Miller.
16:03 of 1st period - Goal by J.T. Miller - Calgary Flames : 3 - Detroit Red Wings : 0.
16:04 of 1st period - Cutter Gauthier wins face-off versus Bo Horvat in neutral zone.
16:07 of 1st period - Snap shot by Kasperi Kapanen.
16:07 of 1st period - Shot Misses the Net.
16:13 of 1st period - Wrist shot by Sebastian Aho.
16:13 of 1st period - Shot Blocked by Shayne Gostisbehere.
16:15 of 1st period - Snap shot by Sebastian Aho.
16:15 of 1st period - Stopped by Vitek Vanecek with a rebound.
16:37 of 1st period - Slapshot by Yakov Trenin.
16:37 of 1st period - Goal by Yakov Trenin - Calgary Flames : 3 - Detroit Red Wings : 1.
16:38 of 1st period - Steven Stamkos wins face-off versus Bo Horvat in neutral zone.
17:03 of 1st period - Kris Letang is hit by Tanner Pearson and loses puck.
17:08 of 1st period - Wrist shot by Cutter Gauthier.
17:08 of 1st period - Shot Misses the Net.
17:32 of 1st period - Joel Eriksson Ek is hit by Peyton Krebs and loses puck.
17:45 of 1st period - Wrist shot by Nick Paul.
17:45 of 1st period - Shot Misses the Net.
17:47 of 1st period - Slapshot by Cale Makar.
17:47 of 1st period - Shot Misses the Net.
17:49 of 1st period - Slapshot by Cale Makar.
17:49 of 1st period - Stopped by Vitek Vanecek with a rebound.
17:51 of 1st period - Snap shot by Nick Paul.
17:51 of 1st period - Shot Blocked by Shayne Gostisbehere.
17:53 of 1st period - Wrist shot by Nic Dowd.
17:53 of 1st period - Shot Blocked by Raphael Lavoie.
17:55 of 1st period - Snap shot by Nic Dowd.
17:55 of 1st period - Stopped by Vitek Vanecek with a rebound.
18:08 of 1st period - Snap shot by Steven Stamkos.
18:08 of 1st period - Shot Misses the Net.
18:10 of 1st period - Snap shot by Jamie Drysdale.
18:10 of 1st period - Shot Misses the Net.
18:12 of 1st period - Slapshot by Steven Stamkos.
18:12 of 1st period - Stopped by Anton Forsberg with a rebound.
18:14 of 1st period - Snap shot by Shayne Gostisbehere.
18:14 of 1st period - Stopped by Anton Forsberg with a rebound.
18:16 of 1st period - Wrist shot by Steven Stamkos.
18:16 of 1st period - Shot Misses the Net.
18:18 of 1st period - Wrist shot by Patrick Kane.
18:18 of 1st period - Stopped by Anton Forsberg with a rebound.
18:29 of 1st period - Off-side.
18:30 of 1st period - J.T. Miller wins face-off versus Cutter Gauthier in neutral zone.
18:41 of 1st period - Wrist shot by J.T. Miller.
18:41 of 1st period - Shot Misses the Net.
18:43 of 1st period - Wrist shot by Mathieu Joseph.
18:43 of 1st period - Stopped by Vitek Vanecek with a rebound.
18:45 of 1st period - Snap shot by J.T. Miller.
18:45 of 1st period - Shot Blocked by Kasperi Kapanen.
18:59 of 1st period - Drew Doughty is hit by Zachary Werenski and loses puck.
19:04 of 1st period - Snap shot by Cutter Gauthier.
19:04 of 1st period - Stopped by Anton Forsberg without a rebound.
19:05 of 1st period - Steven Stamkos wins face-off versus Bo Horvat in Calgary Flames zone.
19:20 of 1st period - Wrist shot by Steven Stamkos.
19:20 of 1st period - Deflect By Patrick Kane.
19:20 of 1st period - Shot Blocked by Bo Horvat.
19:20 of 1st period - Puck is out of play.
19:21 of 1st period - J.T. Miller wins face-off versus Kevin Stenlund in Calgary Flames zone.
19:21 of 1st period - J.T. Miller is hit by Peyton Krebs.
19:33 of 1st period - Snap shot by Peyton Krebs.
19:33 of 1st period - Shot Misses the Net.
19:35 of 1st period - Wrist shot by Yakov Trenin.
19:35 of 1st period - Shot Misses the Net.
19:37 of 1st period - Slapshot by Zachary Werenski.
19:37 of 1st period - Shot Misses the Net.
19:47 of 1st period - Jackson LaCombe is hit by Jeremy Lauzon and loses puck.
Goals for this period are 3 for Calgary Flames vs 1 for Detroit Red Wings.
Shots for this period are 17 for Calgary Flames vs 14 for Detroit Red Wings.
2nd period
0:01 of 2nd period - Bo Horvat wins face-off versus Cutter Gauthier in neutral zone.
0:09 of 2nd period - Icing by Zachary Werenski.
0:10 of 2nd period - Bo Horvat wins face-off versus Cutter Gauthier in Detroit Red Wings zone.
0:29 of 2nd period - Slapshot by Zachary Werenski.
0:29 of 2nd period - Shot Misses the Net.
0:35 of 2nd period - Wrist shot by Cutter Gauthier.
0:35 of 2nd period - Shot Misses the Net.
0:37 of 2nd period - Wrist shot by Kasperi Kapanen.
0:37 of 2nd period - Shot Misses the Net.
0:39 of 2nd period - Wrist shot by Cutter Gauthier.
0:39 of 2nd period - Goal by Cutter Gauthier - Calgary Flames : 3 - Detroit Red Wings : 2.
0:40 of 2nd period - Steven Stamkos wins face-off versus J.T. Miller in neutral zone.
0:51 of 2nd period - Snap shot by Patrick Kane.
0:51 of 2nd period - Shot Blocked by Jeremy Lauzon.
0:53 of 2nd period - Slapshot by Jeff Petry.
0:53 of 2nd period - Shot Blocked by Drew Doughty.
1:28 of 2nd period - Snap shot by Kevin Stenlund.
1:28 of 2nd period - Stopped by Anton Forsberg without a rebound.
1:29 of 2nd period - Bo Horvat wins face-off versus Kevin Stenlund in Calgary Flames zone.
1:55 of 2nd period - Cale Makar is hit by Jackson LaCombe and loses puck.
2:10 of 2nd period - Minor Penalty to Steven Stamkos for Holding.
2:11 of 2nd period - J.T. Miller wins face-off versus Yakov Trenin in Detroit Red Wings zone.
2:12 of 2nd period - Slapshot by Cale Makar.
2:12 of 2nd period - Shot Misses the Net.
2:14 of 2nd period - Slapshot by Kris Letang.
2:14 of 2nd period - Stopped by Vitek Vanecek with a rebound.
2:16 of 2nd period - Snap shot by Mathieu Joseph.
2:16 of 2nd period - Stopped by Vitek Vanecek without a rebound.
2:17 of 2nd period - J.T. Miller wins face-off versus Yakov Trenin in Detroit Red Wings zone.
2:28 of 2nd period - Snap shot by Rasmus Kupari.
2:28 of 2nd period - Stopped by Anton Forsberg without a rebound.
2:29 of 2nd period - J.T. Miller wins face-off versus Yakov Trenin in Calgary Flames zone.
2:40 of 2nd period - Slapshot by Cale Makar.
2:40 of 2nd period - Stopped by Vitek Vanecek with a rebound.
2:42 of 2nd period - Wrist shot by Chris Kreider.
2:42 of 2nd period - Shot Misses the Net.
2:44 of 2nd period - Slapshot by Kris Letang.
2:44 of 2nd period - Stopped by Vitek Vanecek with a rebound.
3:02 of 2nd period - Wrist shot by Bo Horvat.
3:02 of 2nd period - Goal by Bo Horvat - Calgary Flames : 4 - Detroit Red Wings : 2.
3:03 of 2nd period - Steven Stamkos wins face-off versus Matthew Tkachuk in neutral zone.
3:39 of 2nd period - Snap shot by Kevin Stenlund.
3:39 of 2nd period - Deflect By Peyton Krebs.
3:39 of 2nd period - Stopped by Anton Forsberg with a rebound.
3:48 of 2nd period - Off-side.
3:49 of 2nd period - Kasperi Kapanen wins face-off versus J.T. Miller in neutral zone.
4:45 of 2nd period - Zachary Werenski is hit by Cale Makar and loses puck.
5:37 of 2nd period - Icing by Max Pacioretty.
5:38 of 2nd period - Bo Horvat wins face-off versus Kevin Stenlund in Detroit Red Wings zone.
6:15 of 2nd period - J.T. Miller is hit by Steven Stamkos and loses puck.
6:26 of 2nd period - Tanner Pearson is hit by Alec Martinez and loses puck.
6:43 of 2nd period - Minor Penalty to Cutter Gauthier for Hooking.
6:44 of 2nd period - J.T. Miller wins face-off versus Rasmus Kupari in Detroit Red Wings zone.
7:22 of 2nd period - Off-side.
7:23 of 2nd period - Kevin Stenlund wins face-off versus J.T. Miller in neutral zone.
8:41 of 2nd period - Icing by Chris Kreider.
8:42 of 2nd period - J.T. Miller wins face-off versus Steven Stamkos in Calgary Flames zone.
8:43 of 2nd period - Penalty to Cutter Gauthier is over, Cutter Gauthier is back on ice.
8:59 of 2nd period - Wrist shot by Nick Paul.
8:59 of 2nd period - Stopped by Vitek Vanecek with a rebound.
9:01 of 2nd period - Snap shot by Nic Dowd.
9:01 of 2nd period - Shot Blocked by Zachary Werenski.
9:03 of 2nd period - Snap shot by Nic Dowd.
9:03 of 2nd period - Stopped by Vitek Vanecek without a rebound.
9:04 of 2nd period - Bo Horvat wins face-off versus Kevin Stenlund in Detroit Red Wings zone.
9:17 of 2nd period - Wrist shot by Kevin Stenlund.
9:17 of 2nd period - Stopped by Anton Forsberg without a rebound.
9:18 of 2nd period - Kasperi Kapanen wins face-off versus Chris Kreider in Calgary Flames zone.
9:45 of 2nd period - Steven Stamkos is hit by Bo Horvat and loses puck.
9:52 of 2nd period - Snap shot by Jackson LaCombe.
9:52 of 2nd period - Stopped by Anton Forsberg without a rebound.
9:53 of 2nd period - Bo Horvat wins face-off versus Steven Stamkos in Calgary Flames zone.
10:00 of 2nd period - Snap shot by Bo Horvat.
10:00 of 2nd period - Shot Misses the Net.
10:11 of 2nd period - Jeff Petry is hit by Bo Horvat and loses puck.
10:24 of 2nd period - Snap shot by J.T. Miller.
10:24 of 2nd period - Shot Misses the Net.
10:31 of 2nd period - Minor Penalty to J.T. Miller for Roughing.
10:32 of 2nd period - Steven Stamkos wins face-off versus Bo Horvat in Calgary Flames zone.
12:31 of 2nd period - Penalty to J.T. Miller is over, J.T. Miller is back on ice.
12:42 of 2nd period - Cale Makar is hit by Peyton Krebs and loses puck.
12:51 of 2nd period - Jeff Petry is hit by Matthew Tkachuk and loses puck.
12:56 of 2nd period - Slapshot by J.T. Miller.
12:56 of 2nd period - Shot Misses the Net.
12:58 of 2nd period - Snap shot by Joel Eriksson Ek.
12:58 of 2nd period - Stopped by Vitek Vanecek with a rebound.
13:00 of 2nd period - Snap shot by J.T. Miller.
13:00 of 2nd period - Deflect By Joel Eriksson Ek.
13:00 of 2nd period - Stopped by Vitek Vanecek without a rebound.
13:01 of 2nd period - Nic Dowd wins face-off versus Rasmus Kupari in Detroit Red Wings zone.
13:02 of 2nd period - Snap shot by Nick Paul.
13:02 of 2nd period - Stopped by Vitek Vanecek with a rebound.
13:08 of 2nd period - Slapshot by Zachary Werenski.
13:08 of 2nd period - Shot Blocked by Cale Makar.
13:10 of 2nd period - Snap shot by Jackson LaCombe.
13:10 of 2nd period - Shot Blocked by Kris Letang.
13:12 of 2nd period - Slapshot by Jackson LaCombe.
13:12 of 2nd period - Stopped by Anton Forsberg with a rebound.
13:22 of 2nd period - Kris Letang is hit by Tanner Pearson and loses puck.
13:46 of 2nd period - J.T. Miller is hit by Max Pacioretty.
13:50 of 2nd period - Slapshot by Jeremy Lauzon.
13:50 of 2nd period - Stopped by Vitek Vanecek without a rebound.
13:51 of 2nd period - Steven Stamkos wins face-off versus Mathieu Joseph in Detroit Red Wings zone.
13:51 of 2nd period - Steven Stamkos is hit by J.T. Miller.
13:59 of 2nd period - Jeremy Lauzon is hit by Steven Stamkos and loses puck.
14:09 of 2nd period - Minor Penalty to Jackson LaCombe for Interference.
14:10 of 2nd period - J.T. Miller wins face-off versus Steven Stamkos in Detroit Red Wings zone.
14:16 of 2nd period - Snap shot by Chris Kreider.
14:16 of 2nd period - Shot Misses the Net.
14:18 of 2nd period - Wrist shot by Mathieu Joseph.
14:18 of 2nd period - Stopped by Vitek Vanecek with a rebound.
14:20 of 2nd period - Slapshot by Drew Doughty.
14:20 of 2nd period - Shot Blocked by Rasmus Kupari.
14:22 of 2nd period - Slapshot by J.T. Miller.
14:22 of 2nd period - Shot Blocked by Steven Stamkos.
14:24 of 2nd period - Slapshot by Jeremy Lauzon.
14:24 of 2nd period - Shot Blocked by Rasmus Kupari.
14:26 of 2nd period - Slapshot by Chris Kreider.
14:26 of 2nd period - Shot Blocked by Zach Bogosian.
15:17 of 2nd period - Jeff Petry is hit by Sebastian Aho.
16:09 of 2nd period - Penalty to Jackson LaCombe is over, Jackson LaCombe is back on ice.
16:16 of 2nd period - Wrist shot by Matthew Tkachuk.
16:16 of 2nd period - Shot Misses the Net.
16:18 of 2nd period - Slapshot by Jeremy Lauzon.
16:18 of 2nd period - Stopped by Vitek Vanecek with a rebound.
16:20 of 2nd period - Snap shot by Joel Eriksson Ek.
16:20 of 2nd period - Stopped by Vitek Vanecek with a rebound.
16:24 of 2nd period - Wrist shot by Joel Eriksson Ek.
16:24 of 2nd period - Deflect By Peyton Krebs.
16:24 of 2nd period - Stopped by Vitek Vanecek with a rebound.
16:28 of 2nd period - Backhand shot by Matthew Tkachuk.
16:28 of 2nd period - Stopped by Vitek Vanecek with a rebound.
17:04 of 2nd period - Snap shot by Kasperi Kapanen.
17:04 of 2nd period - Shot Misses the Net.
17:50 of 2nd period - Slapshot by Drew Doughty.
17:50 of 2nd period - Stopped by Vitek Vanecek with a rebound.
18:14 of 2nd period - Peyton Krebs is hit by Zach Hyman and loses puck.
18:42 of 2nd period - Snap shot by Tanner Pearson.
18:42 of 2nd period - Shot Misses the Net.
18:52 of 2nd period - Minor Penalty to Cale Makar for Holding.
18:53 of 2nd period - Bo Horvat wins face-off versus Cutter Gauthier in Calgary Flames zone.
Goals for this period are 1 for Calgary Flames vs 1 for Detroit Red Wings.
Shots for this period are 17 for Calgary Flames vs 7 for Detroit Red Wings.
3rd period
0:01 of 3rd period - Cutter Gauthier wins face-off versus Bo Horvat in neutral zone.
0:04 of 3rd period - Alec Martinez is hit by Jamie Drysdale and loses puck.
0:25 of 3rd period - Steven Stamkos is hit by Joel Eriksson Ek and loses puck.
0:52 of 3rd period - Penalty to Cale Makar is over, Cale Makar is back on ice.
1:37 of 3rd period - Kris Letang is hit by Kasperi Kapanen and loses puck.
1:44 of 3rd period - Cutter Gauthier is hit by J.T. Miller and loses puck.
1:57 of 3rd period - Patrick Kane is hit by Sebastian Aho and loses puck.
2:49 of 3rd period - Wrist shot by Matthew Tkachuk.
2:49 of 3rd period - Stopped by Vitek Vanecek without a rebound.
2:50 of 3rd period - Steven Stamkos wins face-off versus Bo Horvat in Detroit Red Wings zone.
2:52 of 3rd period - Icing by Patrick Kane.
2:53 of 3rd period - Bo Horvat wins face-off versus Steven Stamkos in Detroit Red Wings zone.
2:54 of 3rd period - Slapshot by Sebastian Aho.
2:54 of 3rd period - Shot Misses the Net.
3:00 of 3rd period - Zach Hyman is hit by Steven Stamkos and loses puck.
3:05 of 3rd period - Wrist shot by Steven Stamkos.
3:05 of 3rd period - Stopped by Anton Forsberg with a rebound.
3:07 of 3rd period - Snap shot by Steven Stamkos.
3:07 of 3rd period - Deflect By Max Pacioretty.
3:07 of 3rd period - Shot Misses the Net.
3:07 of 3rd period - Puck is out of play.
3:08 of 3rd period - J.T. Miller wins face-off versus Cutter Gauthier in Calgary Flames zone.
3:13 of 3rd period - Wrist shot by Chris Kreider.
3:13 of 3rd period - Shot Misses the Net.
3:52 of 3rd period - Minor Penalty to Peyton Krebs for Cross-checking.
3:53 of 3rd period - Bo Horvat wins face-off versus Steven Stamkos in Detroit Red Wings zone.
3:54 of 3rd period - Snap shot by Sebastian Aho.
3:54 of 3rd period - Goal by Sebastian Aho - Calgary Flames : 5 - Detroit Red Wings : 2.
3:55 of 3rd period - Cutter Gauthier wins face-off versus Joel Eriksson Ek in neutral zone.
4:25 of 3rd period - Snap shot by Steven Stamkos.
4:25 of 3rd period - Stopped by Anton Forsberg without a rebound.
4:26 of 3rd period - Steven Stamkos wins face-off versus J.T. Miller in Calgary Flames zone.
4:42 of 3rd period - Cale Makar is hit by Jeff Petry and loses puck.
4:45 of 3rd period - Minor Penalty to Steven Stamkos for Slashing.
4:46 of 3rd period - Bo Horvat wins face-off versus Yakov Trenin in Detroit Red Wings zone.
4:47 of 3rd period - Snap shot by Sebastian Aho.
4:47 of 3rd period - Stopped by Vitek Vanecek without a rebound.
4:48 of 3rd period - Bo Horvat wins face-off versus Yakov Trenin in Detroit Red Wings zone.
5:51 of 3rd period - Snap shot by Bo Horvat.
5:51 of 3rd period - Goal by Bo Horvat - Calgary Flames : 6 - Detroit Red Wings : 2.
5:52 of 3rd period - J.T. Miller wins face-off versus Cutter Gauthier in neutral zone.
6:05 of 3rd period - Wrist shot by Chris Kreider.
6:05 of 3rd period - Shot Misses the Net.
6:17 of 3rd period - Max Pacioretty is hit by Kris Letang and loses puck.
6:46 of 3rd period - Nick Paul is hit by Jackson LaCombe and loses puck.
6:59 of 3rd period - Wrist shot by J.T. Miller.
6:59 of 3rd period - Stopped by Vitek Vanecek without a rebound.
7:00 of 3rd period - Rasmus Kupari wins face-off versus J.T. Miller in Detroit Red Wings zone.
7:16 of 3rd period - Icing by Vasili Podkolzin.
7:17 of 3rd period - Bo Horvat wins face-off versus Rasmus Kupari in Detroit Red Wings zone.
7:38 of 3rd period - Bo Horvat is hit by Zach Bogosian and loses puck.
7:47 of 3rd period - Snap shot by Raphael Lavoie.
7:47 of 3rd period - Shot Misses the Net.
7:49 of 3rd period - Backhand shot by Rasmus Kupari.
7:49 of 3rd period - Stopped by Anton Forsberg without a rebound.
7:50 of 3rd period - Joel Eriksson Ek wins face-off versus Cutter Gauthier in Calgary Flames zone.
8:21 of 3rd period - Jeremy Lauzon is hit by Max Pacioretty and loses puck.
8:32 of 3rd period - Minor Penalty to Steven Stamkos for Cross-checking.
8:33 of 3rd period - J.T. Miller wins face-off versus Kevin Stenlund in Detroit Red Wings zone.
8:58 of 3rd period - Rasmus Kupari is hit by Cale Makar and loses puck.
10:17 of 3rd period - Rasmus Kupari is hit by Kris Letang and loses puck.
10:32 of 3rd period - Penalty to Steven Stamkos is over, Steven Stamkos is back on ice.
10:40 of 3rd period - Kasperi Kapanen is hit by Jeremy Lauzon and loses puck.
10:59 of 3rd period - Off-side.
11:00 of 3rd period - Steven Stamkos wins face-off versus Joel Eriksson Ek in neutral zone.
11:03 of 3rd period - Matthew Tkachuk is hit by Jamie Drysdale and loses puck.
11:47 of 3rd period - Kasperi Kapanen is hit by Drew Doughty and loses puck.
12:12 of 3rd period - Snap shot by Rasmus Kupari.
12:12 of 3rd period - Stopped by Anton Forsberg without a rebound.
12:13 of 3rd period - Bo Horvat wins face-off versus Steven Stamkos in Calgary Flames zone.
12:31 of 3rd period - Minor Penalty to Max Pacioretty for Tripping.
12:32 of 3rd period - Kevin Stenlund wins face-off versus J.T. Miller in Detroit Red Wings zone.
12:46 of 3rd period - Slapshot by Cale Makar.
12:46 of 3rd period - Stopped by Vitek Vanecek without a rebound.
12:47 of 3rd period - Kevin Stenlund wins face-off versus Bo Horvat in Detroit Red Wings zone.
13:33 of 3rd period - Off-side.
13:34 of 3rd period - Steven Stamkos wins face-off versus Bo Horvat in neutral zone.
13:39 of 3rd period - Kris Letang is hit by Jeff Petry and loses puck.
14:01 of 3rd period - Slapshot by Cale Makar.
14:01 of 3rd period - Shot Misses the Net.
14:03 of 3rd period - Snap shot by Mathieu Joseph.
14:03 of 3rd period - Goal by Mathieu Joseph - Calgary Flames : 7 - Detroit Red Wings : 2.
14:04 of 3rd period - Cutter Gauthier wins face-off versus Sebastian Aho in neutral zone.
14:19 of 3rd period - Slapshot by Zachary Werenski.
14:19 of 3rd period - Stopped by Anton Forsberg with a rebound.
15:01 of 3rd period - Wrist shot by Patrick Kane.
15:01 of 3rd period - Stopped by Anton Forsberg without a rebound.
15:02 of 3rd period - Bo Horvat wins face-off versus Kasperi Kapanen in Calgary Flames zone.
15:31 of 3rd period - Snap shot by Kris Letang.
15:31 of 3rd period - Shot Blocked by Jackson LaCombe.
15:33 of 3rd period - Slapshot by Matthew Tkachuk.
15:33 of 3rd period - Stopped by Vitek Vanecek with a rebound.
15:35 of 3rd period - Wrist shot by Joel Eriksson Ek.
15:35 of 3rd period - Shot Misses the Net.
15:39 of 3rd period - Slapshot by Joel Eriksson Ek.
15:39 of 3rd period - Stopped by Vitek Vanecek with a rebound.
15:41 of 3rd period - Wrist shot by Cale Makar.
15:41 of 3rd period - Shot Misses the Net.
15:43 of 3rd period - Slapshot by Pavel Zacha.
15:43 of 3rd period - Stopped by Vitek Vanecek with a rebound.
16:17 of 3rd period - Snap shot by Steven Stamkos.
16:17 of 3rd period - Goal by Steven Stamkos - Calgary Flames : 7 - Detroit Red Wings : 3.
16:18 of 3rd period - Bo Horvat wins face-off versus Tanner Pearson in neutral zone.
16:20 of 3rd period - Minor Penalty to Zach Hyman for Slashing.
16:21 of 3rd period - Bo Horvat wins face-off versus Cutter Gauthier in Calgary Flames zone.
16:35 of 3rd period - Snap shot by Bo Horvat.
16:35 of 3rd period - Shot Misses the Net.
16:37 of 3rd period - Snap shot by Drew Doughty.
16:37 of 3rd period - Shot Blocked by Max Pacioretty.
16:47 of 3rd period - Alec Martinez is hit by Jamie Drysdale and loses puck.
16:52 of 3rd period - Snap shot by Steven Stamkos.
16:52 of 3rd period - Shot Blocked by Joel Eriksson Ek.
18:02 of 3rd period - Rasmus Kupari is hit by Bo Horvat and loses puck.
18:20 of 3rd period - Penalty to Zach Hyman is over, Zach Hyman is back on ice.
18:27 of 3rd period - Slapshot by Cale Makar.
18:27 of 3rd period - Shot Blocked by Peyton Krebs.
18:29 of 3rd period - Snap shot by Kris Letang.
18:29 of 3rd period - Shot Blocked by Kevin Stenlund.
18:31 of 3rd period - Snap shot by Cale Makar.
18:31 of 3rd period - Shot Misses the Net.
18:33 of 3rd period - Wrist shot by Nic Dowd.
18:33 of 3rd period - Goal by Nic Dowd - Calgary Flames : 8 - Detroit Red Wings : 3.
18:34 of 3rd period - Yakov Trenin wins face-off versus Bo Horvat in neutral zone.
18:34 of 3rd period - Yakov Trenin is hit by Bo Horvat.
18:38 of 3rd period - Wrist shot by Peyton Krebs.
18:38 of 3rd period - Shot Blocked by Kris Letang.
19:07 of 3rd period - Minor Penalty to Zach Bogosian for Hooking.
19:08 of 3rd period - Kevin Stenlund wins face-off versus J.T. Miller in Detroit Red Wings zone.
19:42 of 3rd period - Yakov Trenin is hit by J.T. Miller and loses puck.
19:53 of 3rd period - Slapshot by Mathieu Joseph.
19:53 of 3rd period - Shot Misses the Net.
19:55 of 3rd period - Snap shot by Chris Kreider.
19:55 of 3rd period - Deflect By J.T. Miller.
19:55 of 3rd period - Stopped by Vitek Vanecek with a rebound.
19:57 of 3rd period - Snap shot by Chris Kreider.
19:57 of 3rd period - Shot Misses the Net.
19:59 of 3rd period - Wrist shot by Mathieu Joseph.
19:59 of 3rd period - Shot Misses the Net.
Goals for this period are 4 for Calgary Flames vs 1 for Detroit Red Wings.
Shots for this period are 12 for Calgary Flames vs 7 for Detroit Red Wings.
Back to the Top